 Dungeon Crawl Stone Soup version 0.21-a0-401-g0b6bec4 (webtiles) character file.

20659 graki42 the Basher (level 12, -28/76 HPs)
             Began as a Gargoyle Fighter on Oct 25, 2017.
             Was a Priest of the Shining One.
             Annihilated by Rupert
             ... wielding a +1 vampiric executioner's axe
              (42 damage)
             ... on level 4 of the Lair of Beasts.
             The game lasted 00:29:48 (11512 turns).

graki42 the Basher (Gargoyle Fighter)              Turns: 11512, Time: 00:29:48

Health: -28/76     AC: 27    Str: 24    XL:     12   Next: 81%
Magic:  26/26      EV:  8    Int:  8    God:    the Shining One [***...]
Gold:   825        SH: 12    Dex:  9    Spells: 10/11 levels left

rFire    . . .     SeeInvis .   L - +2 flail (crush)
rCold    . . .     Gourm    .   c - +0 shield
rNeg     + + .     Faith    .   j - +0 plate armour
rPois    ∞         Spirit   .   C - +2 hat
rElec    +         Reflect  .   l - +0 cloak
rCorr    .         Harm     .   (no gloves)
MR       .....                  (no boots)
Stlth    ..........             s - amulet of rage
HPRegen  0.22/turn              b - ring of stealth
MPRegen  0.20/turn              D - ring of magical power

@: glowing
A: antennae 1, beak, blurry vision 1, dopey 1, negative energy resistance 1,
shaggy fur 1, electricity resistance, unbreathing, petrification resistance, rot
immunity, sturdy frame 2, AC +8
a: Divine Shield, Renounce Religion, Evoke Berserk Rage


You were on level 4 of the Lair of Beasts.
You worshipped the Shining One.
The Shining One was most pleased with you.
You were not hungry.

You visited 3 branches of the dungeon, and saw 14 of its levels.
You also visited: Ossuary.

You collected 825 gold pieces.

Inventory:

Hand Weapons
 L - a +2 flail of crushing (weapon)
Armour
 c - a +0 shield (worn)
 j - a +0 plate armour (worn)
 l - a +0 cloak (worn)
 C - a +2 hat (worn)
Jewellery
 b - a ring of stealth (left hand)
 s - an amulet of rage (around neck)
 D - a ring of magical power (right hand)
 H - an uncursed amulet of magic regeneration
 N - an uncursed ring of ice
Wands
 z - a wand of polymorph (24/24)
Scrolls
 i - 5 scrolls of amnesia
 k - 2 scrolls of fog
 n - 3 scrolls of magic mapping
 o - 3 scrolls of remove curse
 p - 5 scrolls of teleportation
 x - a scroll of recharging
 E - 2 scrolls of blinking {unknown}
 G - 2 scrolls of enchant weapon
 M - a scroll of enchant armour {unknown}
Potions
 d - a potion of might
 e - 3 potions of heal wounds
 m - 4 potions of mutation
 q - 5 potions of curing
 r - 2 potions of cancellation
 t - 2 potions of flight
 u - 2 potions of resistance
 v - a potion of berserk rage
 w - 2 potions of invisibility
 B - 2 potions of haste
 K - a potion of lignification
Books
 a - a book of Frost

   Spells                             Type                      Level
   a - Freeze                         Ice                          1
   b - Throw Frost                    Conjuration/Ice              2
   c - Ozocubu's Armour               Charms/Ice                   3
   d - Throw Icicle                   Conjuration/Ice              4
   e - Summon Ice Beast               Ice/Summoning                4
 h - a book of Cantrips

   Spells                             Type                      Level
   a - Confusing Touch                Hexes                        1
   b - Animate Skeleton               Necromancy                   1
   c - Summon Small Mammal            Summoning                    1
   d - Apportation                    Translocation                1
 y - Sif Muna's Catalogue of Transmutation
   (You found it on level 9 of the Dungeon)

   Spells                             Type                      Level
   a - Beastly Appendage              Transmutation                1
Miscellaneous
 F - a lightning rod (4/4)
Comestibles
 f - 6 bread rations
 g - 5 meat rations
 A - 14 fruits
 I - 10 royal jellies
 J - 2 chunks of flesh


   Skills:
 + Level 9.5 Fighting
 + Level 12.6 Maces & Flails
 + Level 9.0 Armour
 + Level 1.6 Dodging
 - Level 0.1 Stealth
 + Level 11.6 Shields
 * Level 7.0 Invocations
 + Level 1.1 Evocations


You had 10 spell levels left.
You knew the following spells:

 Your Spells              Type           Power        Failure   Level  Hunger
a - Apportation           Tloc           #.....       97%         1    ##.....


Dungeon Overview and Level Annotations

Branches:
Dungeon (9/15)             Temple (1/1) D:6            Lair (4/6) D:9
 Spider (0/4) Lair:2
  Swamp: Lair:2-4    Shoals: Lair:2-4       Orc: D:9-12

Altars:
Ashenzari
Cheibriados
Dithmenos
Elyvilon
Fedhas
Gozag
Hepliaklqana
Kikubaaqudgha
Makhleb
Nemelex Xobeh
Okawaru
Qazlal
Ru
Sif Muna
Trog
Uskayaw
Vehumet
Wu Jian
Xom
Yredelemnul
Zin
The Shining One

Shops:
D:4 =   D:5 !

Annotations:
Lair:2 exclusion: 3 oklob plants
Lair:4 Rupert


Innate Abilities, Weirdness & Mutations

You are resistant to torment.
Your stone body is resilient. (AC +8)
You are immune to poison.
You resist negative energy. (rN+)
You are resistant to electric shocks. (rElec)
You can survive without breathing.
You are immune to petrification.
You are immune to rotting.
You have a pair of small antennae on your head.
You have a beak for a mouth.
Scrolls take you a little longer to read.
You are dopey. (Int -2)
You are covered in fur. (AC +1)
Your movements are less encumbered by armour. (ER -4)


Message History

The crocodile bites you.
Rupert screams, "You killed all those lovely monsters, you murderer!"
Rupert looks excited.
Rupert roars wildly at you.
You struggle to resist.
The crocodile bites the plant but does no damage.
Rupert yells loudly at you.
You suddenly lose the ability to move!
Rupert yells loudly at you.
You struggle to resist.
Rupert says, "My Mum always said: 'Kill them all.'" You can move again.
Rupert roars madly and goes into a rage!
Rupert goes berserk!
You hear a shout!
Rupert hits you with a vampiric executioner's axe!!
* * * LOW HITPOINT WARNING * * *
Rupert hits you with a vampiric executioner's axe!!!
Ouch! That really hurt!
You die...

## ### #### #########.
###..##..## ###P##.#..#.
#........># #.#.........
#....<....####......<...
#.........P.##..........
#..........P.............
##......@.....#..........
#P#P###@##.#..+.........
#### #..####.##.........
###.# #########+##.
#..t## ## #....# # ##.###
#..# ##.##


You could see Rupert (berserk) and a crocodile.

Vanquished Creatures
  Gastronok (Lair:1)
  2 hydras (Lair:3)
  Harold (Lair:4)
  A catoblepas (Lair:3)
  An oklob plant (Lair:1)
  Psyche (D:9)
  2 komodo dragons
  2 rime drakes (Lair:3)
  5 spiny frogs
  The ghost of graki42 the Shield-Bearer, a novice GrFi (Ossuary)
  Prince Ribbit (D:9)
  A queen bee (D:8)
  12 blink frogs
  5 hippogriffs
  3 wyverns
  7 yaks
  A basilisk (D:9)
  5 water moccasins
  9 porcupines
  A black bear (D:9)
  6 orc warriors
  2 sky beasts
  An ice beast (D:9)
  2 necrophages (D:9)
  A swamp drake (D:9)
  2 centaurs
  4 ogres
  14 wolves
  10 crocodiles
  A big kobold (D:8)
  9 bullfrogs
  4 scorpions
  A water moccasin skeleton (D:6)
  15 killer bees (D:8)
  3 wights (D:6)
  3 howler monkeys
  An electric eel (D:8)
  6 crimson imps
  3 centaur zombies
  A jelly (D:7)
  A quasit (D:6)
  5 hounds
  A bullfrog skeleton (D:8)
  6 orc priests
  A centaur skeleton (D:8)
  4 orc wizards
  2 iguanas
  Natasha (D:2)
  2 worker ants
  3 big kobold zombies (Ossuary)
  A hound zombie (D:8)
  A worker ant zombie (D:8)
  9 adders
  3 shadow imps
  2 oozes (D:1)
  An adder skeleton (D:4)
  2 worms
  4 dart slugs
  5 leopard geckos
  30 orcs
  3 spectral bats (Ossuary)
  3 giant cockroaches (D:4)
  8 goblins
  9 hobgoblins
  8 jackals
  7 quokkas
  3 ball pythons
  13 bats
  4 bat simulacra (Ossuary)
  5 frilled lizards
  7 gnoll zombies (Ossuary)
  2 goblin simulacra (Ossuary)
  5 goblin zombies (Ossuary)
  3 hobgoblin zombies (Ossuary)
  15 kobolds
  4 kobold simulacra (Ossuary)
  2 kobold zombies (Ossuary)
  A leopard gecko skeleton (D:5)
  5 orc zombies (Ossuary)
  3 rats
  A rat simulacrum (Ossuary)
  3 spectral goblins (Ossuary)
  6 spectral kobolds (Ossuary)
  2 spectral rats (Ossuary)
  2 plants
359 creatures vanquished.

Vanquished Creatures (others)
  A big kobold zombie (Ossuary)
  A mummy (Ossuary)
  A gnoll zombie (Ossuary)
  A goblin zombie (Ossuary)
  A kobold zombie (Ossuary)
  An orc zombie (Ossuary)
  A bush (Lair:4)
  A fungus (Lair:4)
  16 toadstools (Lair:1)
24 creatures vanquished.

Grand Total: 383 creatures vanquished

Notes
Turn   | Place    | Note
-------+----------+-------------------------------------------
     0 | D:1      | graki42 the Gargoyle Fighter began the quest for the Orb.
     0 | D:1      | Reached XP level 1. HP: 14/14 MP: 1/1
    45 | D:1      | Reached XP level 2. HP: 19/19 MP: 2/2
   371 | D:1      | Reached XP level 3. HP: 24/24 MP: 3/3
   933 | D:2      | Reached XP level 4. HP: 29/29 MP: 4/4
   934 | D:2      | Found a bloodstained altar of Trog.
  1121 | D:2      | Noticed Natasha
  1124 | D:2      | Found a faded altar of an unknown god.
  1147 | D:2      | Killed Natasha
  1507 | D:3      | Noticed a hippogriff
  1526 | D:3      | Killed a hippogriff
  1526 | D:3      | Reached skill level 3 in Maces & Flails
  1526 | D:3      | Reached XP level 5. HP: 17/34 MP: 5/5
  1526 | D:3      | Reached XP level 6. HP: 19/39 MP: 6/6
  1885 | D:3      | Found a bloodstained altar of Trog.
  2298 | D:4      | Reached skill level 4 in Maces & Flails
  2305 | D:4      | Found a sand-covered staircase.
  2310 | D:4      | Found Istrav's Jewellery Boutique.
  2319 | D:4      | Reached skill level 5 in Shields
  2329 | Ossuary  | Entered an ossuary
  2460 | Ossuary  | Noticed graki42's ghost (novice GrFi)
  2494 | Ossuary  | Killed graki42's ghost
  2494 | Ossuary  | Reached skill level 5 in Fighting
  2494 | Ossuary  | Reached skill level 5 in Maces & Flails
  2494 | Ossuary  | Reached XP level 7. HP: 17/44 MP: 7/7
  3191 | D:4      | Found a white marble altar of Elyvilon.
  3243 | D:4      | Reached XP level 8. HP: 50/50 MP: 8/8
  3331 | D:4      | Reached skill level 6 in Maces & Flails
  3755 | D:5      | Entered Level 5 of the Dungeon
  3846 | D:5      | Learned a level 3 spell: Regeneration
  3988 | D:5      | Found Titol's Distillery.
  4125 | D:5      | Found a glowing silver altar of Zin.
  4329 | D:6      | Found a staircase to the Ecumenical Temple.
  4336 | D:6      | Reached skill level 1 in Dodging
  4348 | Temple   | Entered the Ecumenical Temple
  4828 | D:6      | Reached skill level 7 in Maces & Flails
  4868 | D:6      | Reached skill level 5 in Armour
  5315 | D:7      | Reached XP level 9. HP: 54/55 MP: 9/9
  5616 | D:7      | Found a glowing golden altar of the Shining One.
  5648 | D:7      | Became a worshipper of the Shining One
  5723 | D:7      | Found a snail-covered altar of Cheibriados.
  5728 | D:7      | Found a shadowy altar of Dithmenos.
  5733 | D:7      | Found a shimmering altar of Xom.
  6238 | D:8      | Reached skill level 8 in Maces & Flails
  6402 | D:8      | Noticed a queen bee
  6464 | D:8      | Killed a queen bee
  6531 | D:8      | Reached * piety under the Shining One
  6697 | D:8      | Reached XP level 10. HP: 63/63 MP: 10/10
  6727 | D:8      | Gained mutation: You have a pair of small antennae on your head. [mutagenic meat]
  6728 | D:8      | Gained mutation: You are covered in fur. (AC +1) [mutagenic meat]
  6730 | D:8      | Gained mutation: You are dopey. (Int -2) [mutagenic meat]
  6731 | D:8      | Gained mutation: Your movements are slightly less encumbered by armour. (ER -2) [mutagenic meat]
  6769 | D:8      | Reached skill level 9 in Maces & Flails
  7106 | D:9      | Found an iron altar of Okawaru.
  7390 | D:9      | Gained mutation: You have a beak for a mouth. [mutagenic meat]
  7391 | D:9      | Gained mutation: Your movements are less encumbered by armour. (ER -4) [mutagenic meat]
  7392 | D:9      | Gained mutation: Scrolls take you a little longer to read. [mutagenic meat]
  7394 | D:9      | Gained mutation: You are very dopey. (Int -4) [mutagenic meat]
  7395 | D:9      | Lost mutation: You are very dopey. (Int -4) [mutagenic meat]
  7412 | D:9      | Found a hide-covered altar of Uskayaw.
  7412 | D:9      | Found a shattered altar of Ashenzari.
  7446 | D:9      | Noticed Psyche
  7456 | D:9      | Killed Psyche
  7496 | D:9      | Learned a level 1 spell: Apportation
  7502 | D:9      | Found a blossoming altar of Fedhas.
  7510 | D:9      | Reached ** piety under the Shining One
  7525 | D:9      | Noticed Prince Ribbit
  7588 | D:9      | Killed Prince Ribbit
  7588 | D:9      | Reached skill level 1 in Invocations
  7636 | D:9      | Found a radiant altar of Vehumet.
  7640 | D:9      | Found an ancient bone altar of Kikubaaqudgha.
  7641 | D:9      | Found a deep blue altar of Sif Muna.
  7644 | D:9      | Identified Sif Muna's Catalogue of Transmutation
  7851 | D:9      | Reached skill level 10 in Maces & Flails
  7898 | D:9      | Found a staircase to the Lair.
  8329 | Lair:1   | Entered Level 1 of the Lair of Beasts
  8329 | Lair:1   | Noticed a spiny frog
  8336 | Lair:1   | Killed a spiny frog
  8336 | Lair:1   | Reached skill level 10 in Shields
  8347 | Lair:1   | Reached XP level 11. HP: 31/68 MP: 12/12
  8940 | Lair:1   | Noticed Gastronok
  8945 | Lair:1   | Reached skill level 11 in Maces & Flails
  8961 | Lair:1   | Killed Gastronok
  9232 | Lair:1   | Found a blossoming altar of Fedhas.
  9249 | Lair:1   | Noticed an oklob plant
  9276 | Lair:1   | Killed an oklob plant
  9746 | Lair:2   | Found a hole to the Spider Nest.
  9893 | Lair:2   | Noticed an oklob plant
  9894 | Lair:2   | Noticed an oklob plant
  9894 | Lair:2   | Noticed an oklob plant
 10090 | Lair:2   | Reached skill level 5 in Invocations
 10254 | Lair:2   | Reached XP level 12. HP: 75/75 MP: 15/15
 10622 | Lair:3   | Noticed a six-headed hydra
 10627 | Lair:3   | Killed a six-headed hydra
 10666 | Lair:3   | Noticed an eight-headed hydra
 10680 | Lair:3   | Killed an eight-headed hydra
 10680 | Lair:3   | Reached skill level 1 in Evocations
 10763 | Lair:3   | Reached *** piety under the Shining One
 10771 | Lair:3   | Reached skill level 12 in Maces & Flails
 10842 | Lair:3   | Noticed a catoblepas
 10855 | Lair:3   | Killed a catoblepas
 11448 | Lair:4   | Noticed Harold
 11459 | Lair:4   | Killed Harold
 11470 | Lair:4   | Noticed Rupert
 11493 | Lair:4   | Paralysed by Rupert for 6 turns
 11512 | Lair:4   | Annihilated by Rupert

Vault maps used:
D:1:      elethiomel_arrival_quiet, minmay_misc_feat_cross
D:2:      bloody_trog, chequers_ecumenical_altar_simple_redux, uniq_natasha
D:3:      first_bread, trog_butcher_becter
D:4:      lemuel_round_altar, nicolae_ossuary_entry_ruins, serial_shops, shop
D:5:      zin_scriptorium, serial_shops, shop
D:6:      minmay_temple_entry_butterflies
D:7:      tso_metal_star, minmay_overflow_temple_star_quad
D:8:      nrook_pool_corridor, david_nohive_1
D:9:      old_forge, grunt_temple_overflow_magic_moments,
          nicolae_overflow_crystal_walls, gammafunk_temple_overflow_elements,
          erik_lair_dragon, okawaru_gym_becter, uniq_psyche, uniq_prince_ribbit1
Temple:   compressed_dpeg_triangle_lava_temple
Lair:1:   minivault_19, tgw_fedhas, lemuel_fruit_fields, uniq_gastronok
Lair:2:   spider_nest_entry_web_field, minmay_lair_oklob_chamber
Lair:4:   swamp_mist, grunt_megastairs_3, serial_bayou_shore_a,
          lemuel_fruit_fields, lemuel_fruit_fields, uniq_rupert, uniq_josephine,
          uniq_harold
Ossuary:  ossuary_zaba_two_paths

Skill      XL: |  1  2  3  4  5  6  7  8  9 10 11 12 |
---------------+-------------------------------------+-----
Fighting       | 4 5 6 7 8 9 |  9.5
Shields        | 4 5 6 8 10 11 | 11.6
Maces & Flails | 3 5 7 8 10 11 12 | 12.6
Armour         | 4 5 6 7 8 9 |  9.0
Dodging        | 1 |  1.6
Invocations    | 2 5 7 |  7.0
Evocations     | 1 |  1.1
Stealth        | |  0.1

Action                   |  1- 3 |  4- 6 |  7- 9 | 10-12 || total
-------------------------+-------+-------+-------+-------++-------
Melee: Flail             |   139 |   245 |   659 |   599 ||  1642
       Peck              |       |       |       |    87 ||    87
Invok: Divine Shield     |       |       |       |     1 ||     1
 Abil: Evoke Berserk Rag |       |       |     1 |     3 ||     4
  Use: Scroll            |     1 |     1 |    15 |    10 ||    27
       Potion            |       |     1 |     2 |       ||     3
  Eat: Chunk             |       |     5 |    11 |    25 ||    41
       Bread ration      |       |       |     1 |     1 ||     2
       Fruit             |       |       |     1 |     1 ||     2
Armor: Scale mail        |    33 |       |       |       ||    33
       Plate armour      |    42 |   160 |   394 |   317 ||   913
Dodge: Dodged            |    43 |    43 |   130 |   161 ||   377
Block: Shield            |    81 |   137 |   372 |   330 ||   920

Table legend:
 A = Spawn XP
 B = Non-spawn XP
 C = Spawn XP percentage of total XP
 D = Spawn monster count
 E = Non-spawn monster count
 F = Spawn count percentage of total count
 G = Total turns spent on level
                    A         B        C        D         E        F      G
               +---------+---------+-------+---------+---------+-------+---------
         Total |       0 |   29514 |   0.0 |       0 |     357 |   0.0 | 11512
               +---------+---------+-------+---------+---------+-------+---------
           D:1 |       0 |      57 |   0.0 |       0 |      28 |   0.0 |   724
           D:2 |       0 |      73 |   0.0 |       0 |      13 |   0.0 |   763
           D:3 |       0 |     293 |   0.0 |       0 |      18 |   0.0 |   800
           D:4 |       0 |     539 |   0.0 |       0 |      22 |   0.0 |   851
           D:5 |       0 |     171 |   0.0 |       0 |      13 |   0.0 |   411
           D:6 |       0 |     677 |   0.0 |       0 |      17 |   0.0 |   797
           D:7 |       0 |     586 |   0.0 |       0 |      19 |   0.0 |   630
           D:8 |       0 |    2258 |   0.0 |       0 |      45 |   0.0 |  1358
           D:9 |       0 |    3445 |   0.0 |       0 |      50 |   0.0 |  1069
        Lair:1 |       0 |    7778 |   0.0 |       0 |      27 |   0.0 |  1367
        Lair:2 |       0 |    2062 |   0.0 |       0 |      16 |   0.0 |   838
        Lair:3 |       0 |    7815 |   0.0 |       0 |      26 |   0.0 |   790
        Lair:4 |       0 |    3295 |   0.0 |       0 |      12 |   0.0 |   188
       Ossuary |       0 |     465 |   0.0 |       0 |      51 |   0.0 |   617
               +---------+---------+-------+---------+---------+-------+---------
